 Dungeon Crawl Stone Soup version 0.21-a0-521-g1cd18d1 (webtiles) character file.

1659 slep the Chopper (level 8, -11/94 HPs)
             Began as a Demonspawn Monk on Dec 6, 2017.
             Was a Priest of Okawaru.
             Mangled by Duvessa
             ... wielding a +0 short sword of electrocution
              (19 damage)
             ... on level 6 of the Dungeon.
             The game lasted 00:20:15 (5822 turns).

slep the Chopper (Demonspawn Monk)                  Turns: 5822, Time: 00:20:16

Health: -11/94     AC: 24    Str: 11    XL:     8   Next: 68%
Magic:  7/7        EV:  2    Int: 11    God:    Okawaru [***...]
Gold:   275        SH:  0    Dex: 19    Spells: 7/7 levels left

rFire    . . .     SeeInvis .   v - +0 war axe
rCold    . . .     Gourm    .   (no shield)
rNeg     + + +     Faith    .   (armour currently unavailable)
rPois    +         Spirit   .   (helmet currently unavailable)
rElec    .         Reflect  .   (cloak currently unavailable)
rCorr    .         Harm     .   (gloves currently unavailable)
MR       .....     NoTele   +   (boots currently unavailable)
Stlth    ++........             (no amulet)
HPRegen  0.00/turn              t - ring of wizardry
MPRegen  0.10/turn              (no ring)

@: tree-form, drained
A: foul stench 1, low mp 1, inhibited regeneration, rot immunity
a: Heroism, Renounce Religion


You were on level 6 of the Dungeon.
You worshipped Okawaru.
Okawaru was most pleased with you.
You were not hungry.
You were a tree.
You visited 2 branches of the dungeon, and saw 7 of its levels.

You collected 275 gold pieces.

Inventory:

Hand Weapons
 a - a +0 hand axe
 v - a +0 war axe (weapon)
 w - a +2 antimagic spear
 D - a cursed +3 spear of freezing
Missiles
 r - 5 tomahawks (quivered)
Armour
 b - a +0 robe
 e - the +0 helmet of Oduyn {-Cast rPois rF+ Dex+2}
   (You took it off Robin on level 4 of the Dungeon)

   It affects your dexterity (+2).
   It protects you from fire.
   It protects you from poison.
   It prevents spellcasting.
 g - a +0 ring mail
 z - a cursed +0 ring mail (melded)
 A - a +1 leather armour of fire resistance
Jewellery
 t - a ring of wizardry (left branch)
Wands
 s - a wand of flame (72)
 x - a wand of iceblast (10)
Scrolls
 f - 6 scrolls of identify {unknown}
 h - 5 scrolls of teleportation {unknown}
 i - 4 scrolls of remove curse {unknown}
 k - 2 scrolls of amnesia {unknown}
 m - a scroll of enchant armour {unknown}
 n - 4 scrolls of magic mapping {unknown}
 p - a scroll of immolation {unknown}
 y - a scroll of fear {unknown}
 F - a scroll of enchant weapon {unknown}
Potions
 o - a potion of mutation
 q - a potion of lignification
 u - 2 potions of agility {unknown}
 C - a potion of resistance {unknown}
 E - a potion of flight {unknown}
Comestibles
 c - 5 bread rations
 d - 3 meat rations
 j - 9 fruits
 l - 5 royal jellies
 B - 2 chunks of flesh


   Skills:
 + Level 5.4(4.5) Fighting
 + Level 7.7(6.8) Axes
 + Level 0.1(0.0) Throwing
 + Level 3.9(3.1) Armour
 + Level 4.3(3.5) Dodging
 + Level 2.6(1.8) Stealth


You had 7 spell levels left.
You didn't know any spells.

Dungeon Overview and Level Annotations

Branches:
Dungeon (6/15)             Temple (1/1) D:4

Altars:
Ashenzari
Cheibriados
Dithmenos
Elyvilon
Fedhas
Gozag
Kikubaaqudgha
Makhleb
Nemelex Xobeh
Okawaru
Qazlal
Ru
Sif Muna
Trog
Uskayaw
Vehumet
Wu Jian
Xom
Yredelemnul
Zin
The Shining One

Annotations:
D:6 Dowan, Duvessa


Innate Abilities, Weirdness & Mutations

((You have large cloven feet.))
((You are mostly covered in thin metallic scales. (AC +3)))
You may emit foul miasma when damaged in melee.
You are immune to rotting.
((You have a pair of small antennae on your head.))
((Armour fits poorly on your strangely shaped body.))
Your magical capacity is low. (-10% MP)
You do not regenerate when monsters are visible.


Message History

Dowan hits you but does no damage. Duvessa completely misses you.
You hit Duvessa.
Duvessa is heavily wounded.
You closely miss Dowan. Dowan hits you but does no damage.
Dowan looks sick.
Duvessa hits you with a short sword of electrocution.
* * * LOW HITPOINT WARNING * * *
You hit Duvessa.
Duvessa is severely wounded.
You slash Dowan! Dowan hits you but does no damage.
Duvessa completely misses you.
You hit Duvessa.
Duvessa is severely wounded.
You closely miss Dowan. Dowan hits you with a dagger.
* * * LOW HITPOINT WARNING * * *
Duvessa hits you but does no damage.
You hit Duvessa but do no damage.
Duvessa is severely wounded.
You completely miss Dowan. Dowan hits you but does no damage.
Duvessa hits you but does no damage.
You are electrocuted!
You die...

#.....#...................'....#
#.....#........>..........#....#
#.......#######.#####+##.##.####
########......#.##....##.####...
#......#.......#.....#...
#......#.......#.....#...
#......#.......#.....#...
#..)...'e......#.....#...
#......#♣e.....'.....#...
#......#######.####..#...
###.....# ### #..##.. #...e.#
#...#.. #.....# #<..'.. #.....#
#...#.. ###.....## #...#..
.........# ##+#### .........# #


You could see Duvessa and Dowan.

Vanquished Creatures
  2 sky beasts
  2 eyes of draining (D:4)
  A phantom (D:5)
  A centaur (D:5)
  A scorpion (D:6)
  4 wights (D:6)
  2 crimson imps
  2 hounds (D:4)
  A bullfrog zombie (D:6)
  2 jellies (D:6)
  An orc priest (D:6)
  A centaur skeleton (D:4)
  3 bullfrog skeletons
  Jessica (D:3)
  6 worker ants
  Natasha (thrice) (D:3)
  An iguana (D:6)
  2 orc wizards
  Robin (D:4)
  A worker ant zombie (D:5)
  2 howler monkey skeletons
  3 adders
  A shadow imp (D:5)
  An ooze (D:2)
  An adder zombie (D:5)
  An adder skeleton (D:6)
  2 worms (D:4)
  8 dart slugs
  2 leopard geckos
  9 orcs
  A ball python (D:2)
  3 giant cockroaches
  14 hobgoblins
  5 jackals
  4 quokkas
  4 bats
  3 frilled lizards
  18 goblins
  2 kobolds
  2 leopard gecko skeletons
  A quokka skeleton (D:6)
  7 rats
132 creatures vanquished.

Vanquished Creatures (others)
  An orc wizard (D:5)
1 creature vanquished.

Grand Total: 133 creatures vanquished

Notes
Turn   | Place    | Note
-------+----------+-------------------------------------------
     0 | D:1      | slep the Demonspawn Monk began the quest for the Orb.
     0 | D:1      | Reached XP level 1. HP: 18/18 MP: 1/1
     9 | D:1      | Noticed a centaur
   288 | D:1      | Gained mutation: You are partially covered in thin metallic scales. (AC +2) [demonic ancestry]
   288 | D:1      | Reached XP level 2. HP: 17/24 MP: 2/2
   365 | D:1      | Reached skill level 3 in Axes
   589 | D:1      | Gained mutation: You are immune to rotting. [demonic ancestry]
   589 | D:1      | Reached XP level 3. HP: 22/29 MP: 3/3
  1297 | D:2      | Reached XP level 4. HP: 19/35 MP: 4/4
  1915 | D:3      | Noticed Natasha
  1933 | D:3      | Killed Natasha
  1933 | D:3      | Reached skill level 4 in Axes
  1933 | D:3      | Reached skill level 1 in Armour
  1944 | D:3      | Noticed Jessica
  2130 | D:3      | Killed Jessica
  2130 | D:3      | Gained mutation: You may emit foul miasma when damaged in melee. [demonic ancestry]
  2130 | D:3      | Reached XP level 5. HP: 13/42 MP: 5/5
  2292 | D:3      | Noticed Natasha
  2303 | D:3      | Killed Natasha
  2695 | D:3      | Noticed Natasha
  2714 | D:3      | Killed Natasha
  3013 | D:4      | Noticed Robin
  3076 | D:4      | Killed Robin
  3092 | D:4      | Got a warped helmet
  3098 | D:4      | Identified the +0 helmet of Oduyn {-Cast rPois rF+ Dex+2} (You took it off Robin on level 4 of the Dungeon)
  3118 | D:4      | Found a shimmering altar of Xom.
  3118 | D:4      | Found a shattered altar of Ashenzari.
  3118 | D:4      | Found an ancient bone altar of Kikubaaqudgha.
  3226 | D:4      | Reached XP level 6. HP: 11/48 MP: 6/6
  3701 | D:4      | Reached skill level 5 in Axes
  3737 | D:4      | Found a bloodstained altar of Trog.
  3756 | D:4      | Gained mutation: You are mostly covered in thin metallic scales. (AC +3) [demonic ancestry]
  3756 | D:4      | Reached XP level 7. HP: 50/54 MP: 0/7
  3847 | D:4      | Found a staircase to the Ecumenical Temple.
  3855 | Temple   | Entered the Ecumenical Temple
  3896 | Temple   | Became a worshipper of Warmaster Okawaru
  3896 | Temple   | Reached * piety under Okawaru
  3896 | Temple   | Reached ** piety under Okawaru
  4018 | D:4      | Found a radiant altar of Vehumet.
  4367 | D:5      | Entered Level 5 of the Dungeon
  4391 | D:5      | Reached skill level 6 in Axes
  4657 | D:5      | Gained mutation: You are frail. (-10% HP) [mutagenic meat]
  4659 | D:5      | Gained mutation: Your natural rate of healing is unusually fast. [mutagenic meat]
  4711 | D:5      | Found a sacrificial altar of Ru.
  4745 | D:5      | Found a stormy altar of Qazlal.
  4746 | D:5      | Found a blossoming altar of Fedhas.
  4894 | D:5      | Found a sacrificial altar of Ru.
  5008 | D:5      | Gained mutation: You have large cloven feet. [demonic ancestry]
  5008 | D:5      | Reached XP level 8. HP: 40/54 MP: 8/8
  5121 | D:5      | Reached *** piety under Okawaru
  5159 | D:5      | Reached skill level 5 in Fighting
  5348 | D:6      | Reached skill level 7 in Axes
  5779 | D:6      | Noticed Duvessa
  5780 | D:6      | Noticed Dowan
  5813 | D:6      | Lost mutation: Your natural rate of healing is unusually fast. [potion of mutation]
  5813 | D:6      | Lost mutation: You are frail. (-10% HP) [potion of mutation]
  5813 | D:6      | Gained mutation: Your magical capacity is low. (-10% MP) [potion of mutation]
  5813 | D:6      | Gained mutation: Armour fits poorly on your strangely shaped body. [potion of mutation]
  5813 | D:6      | Gained mutation: You do not regenerate when monsters are visible. [potion of mutation]
  5813 | D:6      | Gained mutation: You have a pair of small antennae on your head. [potion of mutation]
  5822 | D:6      | Mangled by Duvessa

Vault maps used:
D:1:      evilmike_arrival_come_back
D:3:      first_bread, corexii_item_surrounded_by_moat, uniq_jessica,
          uniq_natasha
D:4:      trog_eyes_of_draining, gammafunk_temple_overflow_claw,
          vehumet_altar_wand_db, minmay_temple_entry_junction, serial_forest,
          infiniplex_forest_pool, infiniplex_forest_clump_large,
          infiniplex_forest_lined_room_3, infiniplex_forest_lined_room_2,
          infiniplex_forest_clump_double, infiniplex_forest_clump_diagonal,
          infiniplex_forest_clump_large, uniq_robin
D:5:      grunt_temple_overflow_forces_of_nature,
          nicolae_overflow_hidden_temple, grunt_ministairs_5,
          nicolae_ru_path_of_blood
D:6:      uniq_duvessa, uniq_eustachio
Temple:   nicolae_temple_god_jail

Skill      XL: |  1  2  3  4  5  6  7  8 |
---------------+-------------------------+-----
Axes           | 3 4 5 6 7 |  7.7
Dodging        | 3 4 |  4.3
Armour         | 1 2 3 |  3.9
Fighting       | 4 5 |  5.4
Stealth        | 2 |  2.6
Throwing       | |  0.1

Action                   |  1- 3 |  4- 6 |  7- 9 || total
-------------------------+-------+-------+-------++-------
Melee: Hand axe          |   172 |   213 |       ||   385
       War axe           |       |    17 |   259 ||   276
       Kick              |       |       |    44 ||    44
Throw: Tomahawk          |       |     3 |       ||     3
  Use: Potion            |       |     4 |     3 ||     7
 Stab: Sleeping          |       |     1 |     3 ||     4
       Distracted        |       |       |     1 ||     1
  Eat: Chunk             |     2 |     8 |    10 ||    20
Armor: Robe              |     3 |       |       ||     3
       Ring mail         |    49 |    85 |   121 ||   255
       Skin              |       |       |    10 ||    10
Dodge: Dodged            |   109 |   159 |   163 ||   431

Table legend:
 A = Spawn XP
 B = Non-spawn XP
 C = Spawn XP percentage of total XP
 D = Spawn monster count
 E = Non-spawn monster count
 F = Spawn count percentage of total count
 G = Total turns spent on level
                    A         B        C        D         E        F      G
               +---------+---------+-------+---------+---------+-------+---------
         Total |       0 |    2371 |   0.0 |       0 |     133 |   0.0 |  5822
               +---------+---------+-------+---------+---------+-------+---------
           D:1 |       0 |      46 |   0.0 |       0 |      22 |   0.0 |   804
           D:2 |       0 |      73 |   0.0 |       0 |      23 |   0.0 |   971
           D:3 |       0 |     172 |   0.0 |       0 |      13 |   0.0 |  1202
           D:4 |       0 |     653 |   0.0 |       0 |      34 |   0.0 |  1328
           D:5 |       0 |     634 |   0.0 |       0 |      17 |   0.0 |   849
           D:6 |       0 |     793 |   0.0 |       0 |      24 |   0.0 |   606
               +---------+---------+-------+---------+---------+-------+---------
